AoeStats
← O.KIRA

Arabia

507248994Analyzed
1v1 RM · 15d ago on Sep 17, 2026· 39m 9s· 2 players
Game mode
Random Map
Map size
Tiny (2 player)
Population
200
Speed
Normal
Resources
Standard
Victory
Conquest
Starting age
Dark Age
Ending age
Imperial Age
RankedLock teamsTeams togetherTeam positionsShared explorationLock speedFull tech treeHidden civsTurbo modeCheats
Victory
Defeat
🇦🇷 Sicilians · Argentina
985
+16
🇹🇷 Khmer · Türkiye
987
-16
Godo Piquetero
4:02 Loom
12:50 Feudal Age
15:38 Horse Collar
18:41 Wheelbarrow
22:39 Castle Age
21:40 Gold Mining
23:03 Stone Mining
24:37 Hand Cart
26:50 Heavy Plow
27:05 Double-Bit Axe
32:13 Gold Shaft Mining
32:14 Stone Shaft Mining
36:15 Imperial Age
34:34 Forging
34:30 Scale Barding Armor
35:15 Stone Shaft Mining
35:19 Masonry
35:06 Murder Holes
35:16 Town Watch
36:07 Husbandry
36:09 Light Cavalry
37:00 Bloodlines
37:11 Chain Barding Armor
37:27 Iron Casting
36:52 Scale Mail Armor
37:47 Ballistics
37:13 Arrowslits
38:02 Bow Saw
37:16 Cavalier
39:00 Crop Rotation
O.KIRA
9:37 Feudal Age
7:57 Loom
13:17 Double-Bit Axe
13:43 Fletching
21:23 Castle Age
20:20 Town Watch
21:05 Gold Mining
21:01 Horse Collar
26:28 Crossbowman
32:20 Bloodlines
32:12 Husbandry
32:28 Forging
32:24 Scale Barding Armor
Connection lost

Rejoining the realm…

Still unreachable

The connection could not be restored.

Session expired

The server has moved on; the page needs a fresh start.